 Dungeon Crawl Stone Soup version 0.29-a0-892-g2c4c91d9db (webtiles) character file.

Game seed: 6922415484500793310

4 ragingrage the Sneak (level 1, -6/14 HPs)
             Began as a Gargoyle Delver on July 22, 2022.
             Killed from afar by Dowan (8 damage)
             ... with a puff of flame
             ... on level 4 of the Dungeon.
             The game lasted 00:01:27 (472 turns).

ragingrage the Sneak (Gargoyle Delver)               Turns: 472, Time: 00:01:28

Health: -6/14      AC:  5    Str: 15    XL:     1   Next: 60%
Magic:  1/1        EV: 11    Int: 10    God:
Gold:   3          SH:  0    Dex: 11    Spells: 0/0 levels left

rFire   . . .      SeeInvis .   a - +0 hand axe
rCold   . . .      Faith    .   (no shield)
rNeg    + . .      Spirit   .   b - +0 leather armour
rPois   ∞          Reflect  .   (no helmet)
rElec   +          Harm     .   (no cloak)
rCorr   .          Rampage  .   (no gloves)
Will    .....                   (no boots)
Stlth   +++.......              (no amulet)
HPRegen 0.04/turn               (no ring)
MPRegen 0.07/turn               (no ring)

@: hasted, very quick
A: sickness immunity, AC +2, negative energy resistance 1, electricity
resistance, torment resistance 1, petrification resistance
a: no special abilities


You were on level 4 of the Dungeon.
You visited 1 branch of the dungeon, and saw 3 of its levels.

You collected 3 gold pieces.

Inventory:

Hand Weapons
 a - a +0 hand axe (weapon)
Armour
 b - a +0 leather armour (worn)
Wands
 g - a wand of digging (3)
Scrolls
 c - a scroll of fog
 d - a scroll of magic mapping
 e - a scroll of fear
 i - a scroll of summoning {unknown}
 j - a scroll of amnesia {unknown}
Potions
 h - a potion of might {unknown}


   Skills:
 - Level 3.3 Fighting
 + Level 2.0 Axes
 - Level 1.6 Dodging
 - Level 5.5 Stealth


You couldn't memorise any spells.
You didn't know any spells.
Your spell library was empty.

Dungeon Overview and Level Annotations

Branches:
Dungeon (6/15)
 Temple: D:4-7

Altars:

Annotations:
D:4 Dowan, Duvessa
D:5 2 runed translucent doors, exclusion: ufetubus, Menkaure


Innate Abilities, Weirdness & Mutations

You are immune to sickness and miasma.
Your stone body is resilient. (AC +2)
You are immune to poison.
You resist negative energy. (rN+)
You are resistant to electric shocks. (rElec)
You are resistant to unholy torment.
You are immune to petrification.


Message History

The orc shouts!
You barely miss the orc. The orc barely misses you.
You hit the orc but do no damage. The orc hits you but does no damage.
You hit the orc but do no damage. The orc hits you but does no damage.
The orc barely misses you.
You slash the orc!
You kill the orc!
Your Axes skill increases to level 2!
Things that are here:
a +0 short sword; a +0 leather armour; an orc corpse
Found 14 gold pieces.
Found a large runed translucent door.
You open the door.
A necrophage comes into view.
There is an open door here.
You close the door.
Found a scroll labelled YFUMET HOVEKK.
Found a scroll labelled JOJUMOGAGO.
i - a scroll labelled YFUMET HOVEKK
j - a scroll labelled JOJUMOGAGO A black bear comes into view.
The black bear moves out of view.
The black bear growls angrily.
There is an escape hatch in the ceiling here.
A mysterious force pulls you upwards. The hatch slams shut behind you.
Dowan shouts!
Duvessa shouts!
Found a dark potion.
Found a stone staircase leading down.
Unknown command.
You open the door.
Duvessa gestures with her weapon.
Dowan points at you and mumbles some strange words.
The puff of frost hits you.
Duvessa zaps a wand.
The bolt of light hits you!
Ouch! That really hurt!
* * * LOW HITPOINT WARNING * * *
There is an open door here.
You feel yourself speed up. Dowan casts a spell at you.
The puff of flame hits you!
Ouch! That really hurt!
You die...

....!...#
#.......#
#......e#
+......>#
#.......#
#.......#
+.......######
#.......e.e..#
#.......####@#
........# #.#
........# #.#
.######## #.#
#.# #.# ..#
###


You could see Duvessa and Dowan.

Vanquished Creatures
  2 orcs (D:5)
2 creatures vanquished.

Notes
Turn   | Place    | Note
-------+----------+-------------------------------------------
     0 | D:5      | ragingrage the Gargoyle Delver began the quest for the Orb.
     0 | D:5      | Reached XP level 1. HP: 14/14 MP: 1/1
    13 | D:5      | Noticed Menkaure
    35 | D:4      | Noticed a phantom
   429 | D:5      | Found a large runed translucent door.
   429 | D:5      | Found a large runed translucent door.
   432 | D:5      | Noticed a necrophage
   455 | D:5      | Noticed a black bear
   464 | D:4      | Noticed Duvessa
   464 | D:4      | Noticed Dowan
   472 | D:4      | Killed from afar by Dowan

Illustrated notes

Levels and vault maps discovered:
D:4:      layout_basic, minmay_temple_entry_drinking_statues,
          corexii_hall_statues_s, uniq_duvessa
D:5:      layout_basic, serial_park_tiny_pond, minmay_hollow_rounded_squares,
          uniq_menkaure, uniq_grinder
D:6:      lemuel_ice_spiral_2, layout_rooms, serial_shops, shop,
          gammafunk_ghost_gnarly_gnolls

Skill      XL: |  1 |
---------------+----+-----
Axes           | 2 |  2.0
Fighting       | |  3.3
Dodging        | |  1.6
Stealth        | |  5.5

Action                   || total
-------------------------++-------
Melee: Hand axe          ||    10
  Use: Potion            ||     1
Armor: Leather armour    ||     3
Dodge: Dodged            ||     4

Table legend: (Time is in decaauts)
 A = Elapsed time spent in this place.
 B = Non-inter-level travel time spent in this place.
 C = Inter-level travel time spent in this place.
 D = Time resting spent in this place.
 E = Time spent auto-exploring this place.
 F = Levels seen in this place.
 G = Mean time per level.
                   A        B        C        D        E       F      G
               +--------+--------+--------+--------+--------+-----+--------+
         Total |    474 |    419 |     55 |    168 |     36 |   3 |  158.0 |
       Dungeon |    474 |    419 |     55 |    168 |     36 |   3 |  158.0 |
               +--------+--------+--------+--------+--------+-----+--------+

Top non-repeatable levels by time:
     D:5: 463 daAuts
     D:4: 9 daAuts
     D:6: 1 daAuts
